AoeStats
← Carple

African Clearing

504102830Analyzed
4v4 RM · 29d ago on Sep 3, 2026· 44m 32s· 8 players
Game mode
Random Map
Map size
Large (8 player)
Population
200
Speed
Normal
Resources
Standard
Victory
Conquest
Starting age
Dark Age
Ending age
Imperial Age
RankedLock teamsTeams togetherTeam positionsShared explorationLock speedFull tech treeHidden civsTurbo modeCheats
Victory
Defeat
🇺🇸 Bulgarians · United States
1049
+16
🇲🇽 Teutons · Mexico
1042
+16
🇩🇪 Lithuanians · Germany
1027
+17
🇩🇪 Khmer · Germany
981
+20
🇦🇷 Britons · Argentina
1088
-19
🇬🇹 Vietnamese · Guatemala
1087
-19
🇧🇷 Magyars · Brazil
1033
-16
🇨🇦 Spanish · Canada
994
-15
Reaper20131
4:12 Loom
13:05 Feudal Age
18:10 Castle Age
17:55 Bloodlines
17:54 Scale Barding Armor
17:59 Forging
22:07 Wheelbarrow
22:07 Husbandry
31:49 Chain Barding Armor
38:06 Iron Casting
41:39 Murder Holes
44:25 Imperial Age
borraznajera
3:46 Loom
14:55 Feudal Age
16:35 Wheelbarrow
15:46 Town Watch
15:48 Double-Bit Axe
16:07 Gold Mining
16:08 Stone Mining
16:30 Man-at-Arms
23:55 Horse Collar
25:07 Scale Mail Armor
26:13 Bloodlines
26:12 Scale Barding Armor
26:25 Forging
32:14 Castle Age
33:53 Hand Cart
39:37 Bow Saw
41:51 Heavy Plow
42:37 Stone Shaft Mining
44:17 Town Patrol
Icke
8:20 Loom
12:49 Feudal Age
14:16 Wheelbarrow
18:24 Castle Age
17:10 Double-Bit Axe
17:08 Horse Collar
18:14 Forging
19:06 Bloodlines
20:40 Heavy Plow
22:00 Fervor
26:40 Hand Cart
28:14 Scale Barding Armor
28:46 Iron Casting
29:11 Husbandry
30:53 Chain Barding Armor
36:05 Imperial Age
33:38 Gold Mining
33:43 Stone Mining
36:07 Cavalier
37:05 Guilds
37:33 Plate Barding Armor
37:47 Stone Shaft Mining
38:00 Conscription
39:06 Paladin
Traurische David
5:28 Loom
9:17 Loom
18:54 Feudal Age
19:35 Double-Bit Axe
19:31 Horse Collar
27:20 Castle Age
29:28 Pikeman
31:25 Heavy Plow
31:36 Bow Saw
33:54 Husbandry
33:54 Stone Mining
40:18 Forging
41:05 Padded Archer Armor
41:40 Iron Casting
42:13 Leather Archer Armor
Carple
4:25 Loom
14:03 Feudal Age
14:33 Double-Bit Axe
21:03 Castle Age
19:13 Fletching
19:25 Padded Archer Armor
19:48 Stone Mining
20:00 Gold Mining
22:15 Husbandry
22:26 Bloodlines
22:47 Horse Collar
31:35 Wheelbarrow
38:10 Bow Saw
42:03 Imperial Age
40:38 Pikeman
41:19 Squires
41:05 Gambesons
41:06 Arson
41:29 Scale Mail Armor
41:44 Town Watch
42:05 Heavy Plow
43:10 Conscription
44:31 Leather Archer Armor
Jaffeth15
4:40 Loom
12:57 Feudal Age
JMB
8:09 Loom
13:46 Feudal Age
17:59 Scale Barding Armor
25:07 Castle Age
23:18 Gold Mining
24:35 Double-Bit Axe
26:07 Wheelbarrow
26:45 Husbandry
28:13 Gold Shaft Mining
28:22 Chain Barding Armor
31:21 Hand Cart
39:07 Gold Shaft Mining
44:48 Imperial Age
43:43 Pikeman
CyclicGnat62091
4:04 Loom
14:30 Feudal Age
31:34 Castle Age
29:48 Double-Bit Axe
29:56 Stone Mining
30:16 Scale Mail Armor
30:19 Padded Archer Armor
30:01 Horse Collar
30:23 Gold Mining
33:11 Town Watch
34:02 Wheelbarrow
33:31 Crossbowman
35:02 Town Patrol
37:57 Bow Saw
39:33 Hand Cart
41:25 Leather Archer Armor
41:00 Fletching
42:55 Yeomen
44:49 Ballistics
Connection lost

Rejoining the realm…

Still unreachable

The connection could not be restored.

Session expired

The server has moved on; the page needs a fresh start.